 Dungeon Crawl Stone Soup version 0.17-a0-2028-g5c22979 (webtiles) character file.

40 Jackolantern the Magician (level 3, 0/26 HPs)
             Began as a Human Wanderer on Oct 11, 2015.
             Slain by an orc priest
             ... wielding a +0 falchion
              (6 damage)
             ... on level 2 of the Dungeon.
             The game lasted 00:10:28 (1738 turns).

Jackolantern the Magician (Human Wanderer)          Turns: 1738, Time: 00:10:28

Health: 0/26       AC:  2    Str: 10    XL:     3   Next: 72%
Magic:  2/9        EV: 11    Int: 12    God:
Gold:   52         SH:  0    Dex: 15    Spells: 6 memorised, 0 levels left

rFire  . . .     SeeInvis .     e - +0 dagger
rCold  . . .     Clarity  .     d - +0 robe
rNeg   . . .     SustAt   .     (no shield)
rPois  .         Gourm    .     (no helmet)
rElec  .         Spirit   .     (no cloak)
rCorr  .         Warding  .     (no gloves)
rMut   .         Stasis   .     (no boots)
MR     .....                    (no amulet)
Stlth  ++........               (no ring)
                                (no ring)

@: very slightly contaminated, not resistant to hostile enchantments, unstealthy
A: no striking features
a: no special abilities


You were on level 2 of the Dungeon.
You were full.

You visited 1 branch of the dungeon, and saw 3 of its levels.

You collected 52 gold pieces.

Inventory:

Hand Weapons
 e - a +0 dagger (weapon)
Armour
 d - a +0 robe (worn)
Scrolls
 g - a scroll of enchant weapon {unknown}
 h - a scroll of noise {unknown}
 i - a scroll of immolation {unknown}
 j - 2 scrolls of identify {unknown}
Books
 a - a book of Minor Magic

   Spells                             Type                      Level
   a - Magic Dart                     Conjuration                  1
   b - Blink                          Translocation                2
   c - Call Imp                       Summoning                    2
   d - Repel Missiles                 Charms/Air                   2
   e - Slow                           Hexes                        2
   f - Conjure Flame                  Conjuration/Fire             3
   g - Mephitic Cloud                 Conjuration/Poison/Air       3
 b - the Reference Book on Orientation

   Spells                             Type                      Level
   a - Shroud of Golubria             Charms/Translocation         2
   b - Blink                          Translocation                2
 c - the Catalogue of Summoning

   Spells                             Type                      Level
   a - Summon Butterflies             Summoning                    1
   b - Summon Guardian Golem          Hexes/Summoning              3


   Skills:
 - Level 1.1 Fighting
   Level 2.0 Long Blades
 - Level 2.0 Stealth
 + Level 4.5 Spellcasting
 + Level 0.2 Conjurations
 + Level 1.0 Hexes
 + Level 1.3 Summonings
 + Level 1.1 Translocations


You couldn't memorise any spells.
You knew the following spells:

 Your Spells              Type           Power        Failure   Level  Hunger
a - Magic Dart            Conj           #...         21%         1    None
b - Summon Butterflies    Summ           #.......     14%         1    None
c - Call Imp              Summ           #.......     21%         2    ##.....
d - Slow                  Hex            #.......     21%         2    ##.....
e - Blink                 Tloc           N/A          21%         2    ##.....
f - Summon Guardian Gole  Hex/Summ       #.......     43%         3    ###....


Dungeon Overview and Level Annotations

Branches:
Dungeon (3/15)

Altars:
Dithmenos


Message History

The orc priest mumbles some strange prayers to Beogh against you.
Pain shoots through your body!
The orc priest hits your crimson imp with a falchion.
Your crimson imp hits the orc priest.
The orc priest hits you with a falchion!
Your crimson imp blinks!
You hit the orc priest but do no damage.
The orc priest is lightly wounded.
The orc priest hits you with a falchion.
* * * LOW HITPOINT WARNING * * *
You closely miss the orc priest.
The orc priest is lightly wounded.
You barely miss the orc priest.
The orc priest is lightly wounded.
The orc priest closely misses you.
Your crimson imp blinks!
You hit the orc priest.
The orc priest is heavily wounded.
The orc priest hits you with a falchion.
You die...

##### # ....#
#.############ ###.#
#...o........# ###.####
#....@.......# .......#
#............# .......#
#............# .......#
#...5........# .......#
.#.ยง..........#
###'######.#............#
.........#.#............#
###.######.#............#
##..# #...............#


You could see an orc priest and a friendly crimson imp.

Vanquished Creatures
  2 giant geckos (D:2)
  A hobgoblin (D:1)
  A quokka (D:2)
  3 bats
  2 giant newts (D:1)
  2 goblins
  A kobold (D:2)
  3 rats (D:2)
15 creatures vanquished.

Vanquished Creatures (collateral kills)
  Robin (D:2)
  2 adders (D:2)
  7 goblins (D:2)
  4 hobgoblins (D:2)
  A quokka (D:2)
  2 rats (D:2)
17 creatures vanquished.

Grand Total: 32 creatures vanquished

Notes
Turn   | Place    | Note
--------------------------------------------------------------
     0 | D:1      | Jackolantern the Human Wanderer began the quest for the Orb.
     0 | D:1      | Jackolantern set off with: a book of Minor Magic, the Reference Book on Orientation, the Catalogue of Summoning, a +0 robe, a +0 dagger, a bread ration
     0 | D:1      | Reached XP level 1. HP: 15/15 MP: 5/5
     2 | D:1      | Learned a level 1 spell: Magic Dart
     4 | D:1      | Identified the Reference Book on Orientation
     4 | D:1      | Identified the Catalogue of Summoning
     6 | D:1      | Learned a level 1 spell: Summon Butterflies
    26 | D:2      | Found a shadowy altar of Dithmenos.
   473 | D:2      | Reached XP level 2. HP: 18/21 MP: 1/7
   481 | D:2      | Learned a level 2 spell: Call Imp
   562 | D:2      | Learned a level 2 spell: Slow
   565 | D:2      | Learned a level 2 spell: Blink
   656 | D:2      | HP: 1/21 [hobgoblin/club (6)]
  1067 | D:2      | Reached XP level 3. HP: 26/26 MP: 2/8
  1395 | D:2      | Noticed Robin
  1629 | D:2      | Killed Robin
  1629 | D:2      | Reached skill level 1 in Hexes
  1629 | D:2      | Reached skill level 1 in Translocations
  1656 | D:2      | Learned a level 3 spell: Summon Guardian Golem
  1738 | D:2      | Slain by an orc priest

Vault maps used:
D:1:      evilmike_arrival_crescent, st_stairs_4
D:2:      nicolae_dithmenos_shadow_blocks, uniq_robin
D:3:      first_bread, lemuel_old_faithful

Action                   || total
-------------------------++-------
Melee: Dagger            ||    79
 Cast: Magic Dart        ||    17
       Summon Butterflie ||    11
       Call Imp          ||    21
       Summon Guardian G ||     1
  Eat: Bread ration      ||     2
